 Dungeon Crawl Stone Soup version 0.31-a0-182-gc5ef74bbde (webtiles) character file.

Game seed: 11087929703931674847

93 2FriedEggs the Shooter (level 4, -1/25 HPs)
             Began as a Kobold Hexslinger on June 20, 2023.
             Slain by a river rat (5 damage)
             ... in a sewer.
             The game lasted 00:07:29 (2014 turns).

2FriedEggs the Shooter (Kobold Hexslinger)          Turns: 2014, Time: 00:07:29

Health: -1/25      AC:  4    Str:  5    XL:     4   Next: 91%
Magic:  3/5        EV: 14    Int: 14    God:
Gold:   88         SH:  0    Dex: 19    Spells: 0/5 levels left

rFire   . . .        a - +1 sling
rCold   . . .        (no shield)
rNeg    + . .        d - +0 leather armour {rN+}
rPois   .            l - +0 helmet
rElec   .            (no cloak)
rCorr   .            (no gloves)
SInv    +            (no boots)
Will    .....        (no amulet)
Stlth   ++           h - ring of wizardry
HPRegen 0.24/turn    n - ring of see invisible
MPRegen 0.09/turn

%: wizardry (x1)
@: no status effects
A: small, no large weapons, nightstalker 3
a: no special abilities


You were in a sewer.
You visited 1 branch of the dungeon, and saw 3 of its levels.
You also visited: Sewer.

You collected 88 gold pieces.

Inventory:

Hand Weapons
 a - a +1 sling (weapon)
Missiles
 j - 6 datura-tipped darts
Armour
 c - a +0 robe
 d - a +0 leather armour of positive energy (worn)
 l - a +0 helmet (worn)
Jewellery
 h - a ring of wizardry (left hand)
 i - a ring of protection from fire
 n - a ring of see invisible (right hand)
Wands
 p - a wand of charming (8)
Scrolls
 b - a scroll of poison
 e - a scroll of fog
 f - a scroll of vulnerability
 g - a scroll of enchant weapon
Potions
 k - a potion of brilliance {unknown}
 m - 3 potions of enlightenment {unknown}


   Skills:
 - Level 1.1 Fighting
 * Level 5.3 Ranged Weapons
 - Level 2.4 Dodging
 - Level 1.1 Spellcasting
 + Level 3.8 Hexes


You couldn't memorise any spells.
You knew the following spells:

 Your Spells              Type           Power      Damage    Failure   Level
a - Slow                  Hex            44%        N/A       3%          1
b - Cause Fear            Hex            5%         N/A       32%         4

Your spell library contained the following spells:

 Spells                   Type           Power      Damage    Failure   Level
 Magic Dart               Conj           0%         1d3       17%         1
 Inner Flame              Hex/Fire       6%         N/A       24%         3
 Portal Projectile        Hex/Tloc       12%        N/A       24%         3
 Searing Ray              Conj           0%         2d4       26%         2
 Fulminant Prism          Conj/Hex       3%         3d5       58%         4


Dungeon Overview and Level Annotations

Branches:
Dungeon (3/15)              Sewer (1/1)

Altars:
Wu Jian

Shops:
D:2 (


Innate Abilities, Weirdness & Mutations

You are small and have problems with some larger weapons.
You are completely attuned to the shadows.


Message History

Aim: a river rat (moderately wounded, chance to affect: 53%)
The river rat seems to slow down.
The rat misses you. The river rat barely misses you.
Fire: a) +1 sling
Press: ? - help, Q - select action, (/) - cycle Shift-Dir - straight line, f/p - river rat
Aim: a river rat (moderately wounded, slow, 58% to hit)
You shoot a sling bullet.
The sling bullet hits the river rat but does no damage.
The river rat is moderately wounded.
The rat barely misses you. The river rat misses you.
Fire: a) +1 sling
Press: ? - help, Q - select action, (/) - cycle Shift-Dir - straight line, f/p - river rat
Aim: a river rat (moderately wounded, slow, 58% to hit)
You shoot a sling bullet.
The sling bullet barely misses the river rat.
The rat barely misses you. The rat misses you.
The river rat closely misses you.
Fire: a) +1 sling
Press: ? - help, Q - select action, (/) - cycle Shift-Dir - straight line, f/p - river rat
Aim: a river rat (moderately wounded, slow, 58% to hit)
You shoot a sling bullet.
The sling bullet barely misses the river rat.
The rat bites you.
Fire: a) +1 sling
Press: ? - help, Q - select action, (/) - cycle Shift-Dir - straight line, f/p - river rat
Aim: a river rat (moderately wounded, slow, 58% to hit)
You shoot a sling bullet.
The sling bullet barely misses the river rat.
The river rat is no longer moving slowly.
The river rat twitches its whiskers.
The river rat bites you!
* * * LOW HITPOINT WARNING * * *
The rat barely misses you.
Fire: a) +1 sling
Press: ? - help, Q - select action, (/) - cycle Shift-Dir - straight line, f/p - river rat
Aim: a river rat (moderately wounded, 58% to hit)
You shoot a sling bullet.
The sling bullet barely misses the river rat.
The river rat bites you.
You die...

~~.....##
≈.~....##
~~~.....#
≈≈......##
≈~~...#..#
≈~~..###.#
≈~...###∩#
≈≈~...####
≈~...@#
≈≈...rr#
≈≈...††#
≈≈~.....
≈≈.....#


You could see a river rat and a rat.

Vanquished Creatures
  4 adders
  A worm (D:3)
  A dart slug (D:2)
  5 endoplasms
  2 giant cockroaches
  4 goblins
  3 hobgoblins
  6 jackals
  9 ball pythons
  2 bats
  2 frilled lizards
  2 kobolds (D:2)
  11 rats
52 creatures vanquished.

Notes
Turn   | Place    | Note
-------+----------+-------------------------------------------
     0 | D:1      | 2FriedEggs the Kobold Hexslinger began the quest for the
                  | Orb.
     0 | D:1      | Reached XP level 1. HP: 12/12 MP: 2/2
    74 | D:1      | Reached skill level 3 in Ranged Weapons
   246 | D:1      | Reached XP level 2. HP: 16/16 MP: 3/3
   723 | D:2      | Reached XP level 3. HP: 20/20 MP: 4/4
   737 | D:2      | Reached skill level 4 in Ranged Weapons
   807 | D:2      | Found Wuitoph's Antique Weapon Boutique.
   840 | D:2      | Found an ornate altar of the Wu Jian Council.
  1126 | D:2      | Reached XP level 4. HP: 15/25 MP: 3/5
  1274 | D:2      | Learned a level 4 spell: Cause Fear
  1366 | D:2      | Reached skill level 5 in Ranged Weapons
  1493 | D:3      | Noticed a scorpion
  1974 | D:3      | Found a glowing drain.
  1981 | Sewer    | Entered a sewer
  2014 | Sewer    | Slain by a river rat

Illustrated notes

Levels and vault maps discovered:
D:1:      eino_arrival_cavern_e, layout_rooms
D:2:      layout_basic, serial_shops, shop, basic_altar
D:3:      layout_basic, gup_sewer_entry_bubbles, serial_shops,
          nicolae_shop_advertising_works [nicolae_subvault_shop_adworks], shop,
          nicolae_shop_pleasant_corner_grove, nicolae_shop_hallway_plus
Sewer:    sewer_minmay_treatment

Skill      XL: |  1  2  3  4 |
---------------+-------------+-----
Ranged Weapons | 3 4 5 |  5.3
Fighting       | |  1.1
Dodging        | |  2.4
Spellcasting   | |  1.1
Hexes          | |  3.8

Action                     |  1- 3 |  4- 6 || total
---------------------------+-------+-------++-------
   Fire: Sling             |   126 |    64 ||   190
   Cast: Slow              |    15 |    15 ||    30
    Use: Potion            |     1 |       ||     1
         Scroll            |       |     6 ||     6
 Armour: Robe              |    27 |       ||    27
         Leather armour    |       |    11 ||    11
  Dodge: Dodged            |   110 |    51 ||   161

Table legend: (Time is in decaauts)
 A = Elapsed time spent in this place.
 B = Non-inter-level travel time spent in this place.
 C = Inter-level travel time spent in this place.
 D = Time resting spent in this place.
 E = Time spent auto-exploring this place.
 F = Levels seen in this place.
 G = Mean time per level.
                   A        B        C        D        E       F      G
               +--------+--------+--------+--------+--------+-----+--------+
         Total |   2074 |   2039 |     35 |    262 |   1077 |   4 |  518.5 |
       Dungeon |   2038 |   2003 |     35 |    262 |   1067 |   3 |  679.3 |
         Sewer |     35 |     35 |      0 |      0 |     10 |   1 |   35.0 |
               +--------+--------+--------+--------+--------+-----+--------+

Top non-repeatable levels by time:
     D:2: 886 daAuts
     D:1: 778 daAuts
     D:3: 374 daAuts
   Sewer: 35 daAuts
